[Event "*** Titled Tuesday Blitz"]
[Site "Chess.com"]
[Date "2020.05.05"]
[Round "1"]
[White "Belka1989"]
[Black "EddieMarsalla"]
[Result "0-1"]
[WhiteElo "2152"]
[BlackElo "2523"]
[TimeControl "180+1"]
[EndTime "10:05:22 PDT"]
[Termination "EddieMarsalla won by resignation"]

1. e4 c6 2. d4 d5 3. Nc3 dxe4 4.
Nxe4 Nf6 5. Nxf6+ exf6 6. Be3 Bd6 7. Qd2 Qc7 8. O-O-O Be6 9. Kb1 Nd7 10. Nf3 O-O-O 11. c4 g5 12. d5 Bf5+ 13. Ka1 c5 14. Bd3 Bg6 15. h4 g4 16. Bxg6 hxg6 17. Ne1 Ne5 18.
Rc1 Qb6 19. Nd3 Kb8 20. Rcf1 Nxc4 21. Qc3 Nxe3 22. fxe3 f5 23. Ne5 Bxe5 24. Qxe5+ Qc7 25. Qxc7+ Kxc7 26. Rd1 Kd6 27. g3 Rde8 28. Rhe1 Re5 29. Rd3 Rxd5 30. Rb3 b6 31. a4 Re8 32. Rb5 Re4 33. b3 Kc6 34. Kb2 a6 35. Kc2 axb5 36.
axb5+ Kxb5 37. Ra1 Rxe3 38. Ra8 Rxg3 39. Rf8 f4 40.
Rxf7 f3 41. Rf6 Rf5 42. Re6 f2 0-1

[Event "*** Titled Tuesday Blitz"]
[Site "Chess.com"]
[Date "2020.05.05"]
[Round "1"]
[White "spidernv"]
[Black "AryanTari"]
[Result "0-1"]
[WhiteElo "2452"]
[BlackElo "2884"]
[TimeControl "180+1"]
[EndTime "10:05:23 PDT"]
[Termination "AryanTari won by resignation"]

1. e4 c6 2. d4 d5 3. exd5 cxd5 4. c3 Nc6 5. Nf3 Bg4 6. Bd3 e6 7. Bf4 Bd6 8. Bg3 Nge7 9. Nbd2 Ng6 10. Qb3 Rb8 11. O-O O-O 12. Rfe1 Bxg3 13. hxg3 b5 14. a3 Qd6 15. Bxg6 hxg6 16. Ne5 Nxe5 17. Rxe5 f6 18.
Re3 e5 19. dxe5 fxe5 20. Qb4 Qf6 21. f3 Bd7 22. Rae1 Rbe8 23. Qc5 Bc6 24. Qxa7 Qd6 25. Qa5 e4 26. f4 g5 27. fxg5 Rf5 28. Qb4 Qg6 29.
Qd4 Rxg5 30. Nf1 Rf8 31. b3 Qh6 32. g4 Rxg4 33. Rh3 Qxh3 0-1

[Event "*** Titled Tuesday Blitz"]
[Site "Chess.com"]
[Date "2020.05.05"]
[Round "1"]
[White "DACF2905"]
[Black "Kimster98"]
[Result "0-1"]
[WhiteElo "2173"]
[BlackElo "2530"]
[TimeControl "180+1"]
[EndTime "10:05:23 PDT"]
[Termination "Kimster98 won by resignation"]

1. c4 e6 2. g3 d5 3. cxd5 exd5 4.
Nf3 Nf6 5. d4 c6 6. Bg2 Bd6 7. O-O O-O 8. Bg5 h6 9. Bxf6 Qxf6 10.
Nbd2 Bf5 11. Qb3 Qe7 12. Rfe1 Re8 13. e4 dxe4 14. Nh4 Be6 15. Qc2 g5 16. Rxe4 gxh4 17.
Rxh4 Qf8 18. Ne4 Be7 19. Rf4 Nd7 20. h4 Qg7 21. Nc3 Bd6 22. Rf3 Bg4 23. Re3 Rxe3 24. fxe3 Bxg3 25. Rf1 Bxh4 26. Qe4 Bh3 27. d5 Qxg2+ 28.
Qxg2+ Bxg2 29. Kxg2 cxd5 30. Nxd5 Re8 31. Rf4 Bg5 32. Rg4 Re5 33. e4 Kf8 34. Kf3 f5 0-1

[Event "*** Titled Tuesday Blitz"]
[Site "Chess.com"]
[Date "2020.05.05"]
[Round "1"]
[White "Grischuk"]
[Black "vangulio"]
[Result "1-0"]
[WhiteElo "3115"]
[BlackElo "2468"]
[TimeControl "180+1"]
[EndTime "10:05:25 PDT"]
[Termination "Grischuk won by resignation"]

1. Nf3 Nf6 2. g3 g6 3. c4 Bg7 4. Nc3 O-O 5. Bg2 c5 6. d4 cxd4 7. Nxd4 Qc7 8. Qd3 Nc6 9. O-O Ne5 10. Qe3 Nxc4 11. Qxe7 Re8 12. Qb4 a5 13. Ncb5 axb4 14. Nxc7 Ra5 15. Nxe8 Nxe8 16. Rd1 d5 17. b3 Ne5 18. Bb2 Nf6 19. a3 bxa3 20. Rxa3 Rxa3 21. Bxa3 Be6 22. Bb2 Nc6 23. Nxc6 bxc6 24. e3 h5 25. b4 Nd7 26. Bxg7 Kxg7 27. b5 cxb5 28. Bxd5 Nc5 29.
Bxe6 Nxe6 30. Rd5 1-0

[Event "*** Titled Tuesday Blitz"]
[Site "Chess.com"]
[Date "2020.05.05"]
[Round "1"]
[White "Xeslu"]
[Black "jlucasvf"]
[Result "0-1"]
[WhiteElo "2359"]
[BlackElo "2693"]
[TimeControl "180+1"]
[EndTime "10:05:25 PDT"]
[Termination "jlucasvf won by resignation"]

1. e4 e5 2. Nf3 Nf6 3. Nxe5 Nc6 4.
Nxc6 dxc6 5. Nc3 Bc5 6. Be2 h5 7. d3 Ng4 8. Bxg4 hxg4 9. Be3 Bxe3 10. fxe3 Qd6 11. Qe2 Rxh2 12. O-O-O Be6 13. d4 Rxh1 14. Rxh1 O-O-O 15. e5 Qe7 16. Qf2 c5 17. Qf4 cxd4 18.
exd4 Qb4 19. Rd1 c5 20. a3 Qc4 21. Ne4 Rxd4 22. Nd6+ Rxd6 0-1

[Event "*** Titled Tuesday Blitz"]
[Site "Chess.com"]
[Date "2020.05.05"]
[Round "1"]
[White "aNaartjieZA"]
[Black "AndrewDGreen"]
[Result "1-0"]
[WhiteElo "2596"]
[BlackElo "2264"]
[TimeControl "180+1"]
[EndTime "10:05:30 PDT"]
[Termination "aNaartjieZA won by resignation"]

1. e4 c5 2. Nf3 g6 3. g3 Bg7 4. Bg2 Nc6 5. O-O d6 6. Re1 e5 7. c3 Nge7 8. d3 O-O 9. a3 h6 10. b4 a6 11. Nbd2 Be6 12. Bb2 b6 13. Rc1 Rc8 14. Ba1 f5 15. exf5 Bxf5 16. d4 cxd4 17. cxd4 Nxd4 18. Nxd4 exd4 19. Rxc8 Bxc8 20. Nb3 Nf5 21.
Nxd4 Qf6 22. Ne6 Qxa1 23. Qxa1 Bxa1 24. Nxf8 Be5 25. Nxg6 Bd4 26. Re8+ Kf7 27. Rxc8 Kxg6 28. Be4 Kg5 29. h4+ Kf6 30. Rf8+ 1-0

[Event "*** Titled Tuesday Blitz"]
[Site "Chess.com"]
[Date "2020.05.05"]
[Round "1"]
[White "JozefKneht"]
[Black "Gandrade2"]
[Result "1-0"]
[WhiteElo "2484"]
[BlackElo "2020"]
[TimeControl "180+1"]
[EndTime "10:05:32 PDT"]
[Termination "JozefKneht won on time"]

1. e4 c5 2. Nf3 g6 3. d4 cxd4 4. Nxd4 Bg7 5. c4 Nc6 6. Be3 Nf6 7. Nc3 d6 8. Be2 O-O 9. Qd2 Bd7 10. O-O Nxd4 11.
Bxd4 Bc6 12. f3 Nd7 13. Be3 a5 14. b3 Nc5 15. Rab1 Qb6 16. Rfc1 h5 17. a3 Qd8 18. b4 axb4 19. axb4 Na4 20. Nd5 Bxd5 21. exd5 Qd7 22. c5 Rfc8 23. f4 Kh7 24. Bf3 dxc5 25. bxc5 Rd8 26. Qb4 1-0

[Event "*** Titled Tuesday Blitz"]
[Site "Chess.com"]
[Date "2020.05.05"]
[Round "1"]
[White "BikingBrian"]
[Black "KaterynaLagno"]
[Result "1/2-1/2"]
[WhiteElo "2329"]
[BlackElo "2627"]
[TimeControl "180+1"]
[EndTime "10:05:33 PDT"]
[Termination "Game drawn by agreement"]

1. d4 Nf6 2. Bg5 d5 3. Nd2 c5 4.
Bxf6 gxf6 5. dxc5 e6 6. e4 Bxc5 7. Ngf3 dxe4 8. Nxe4 Be7 9. Qxd8+ Kxd8 10. O-O-O+ Kc7 11. Bc4 Nc6 12. Nd4 Nxd4 13. Rxd4 Bd7 14. Rhd1 Rad8 15. Be2 Bc6 16. Rxd8 Rxd8 17. Rxd8 Bxd8 18. f3 f5 19. Nc3 Bg5+ 20. Kd1 h5 21. g3 Be3 22. f4 Bg1 23. Bxh5 Bxh2 24. Bxf7 Kd6 25. Ne2 Bf3 26. Kd2 Ke7 27. Bg6 Bxe2 28. Kxe2 Bxg3 29. Kf3 Bh4 30. Bh5 Bf6 31. b3 Kd6 32. Bf7 a5 33. Ke3 b6 34. Kd3 Bb2 35. Ke3 Bc1+ 36. Kf3 b5 37. Be8 b4 38. Bb5 e5 39. fxe5+ Kxe5 40. Bd3 f4 41. Be4 Kd4 42. Bd3 Kc3 43. Be4 Kb2 44.
Bd3 Kxa2 45. Be4 Kb2 46. Bd3 Kc3 47. Be4 Kd4 48. Bd3 Kc5 49. Be4 Kb6 50. Bd3 a4 51.
bxa4 Ka5 52. Bb5 Bd2 53. Bc6 Be3 54. Ke4 Kb6 55. Bb5 Kc5 56. Bd3 Bd2 57. Kf3 Be3 58. Be4 Bd2 59. Bd3 Kb6 60. Be4 Ka5 61. Bc6 Be3 62.
Be4 Kxa4 63. Bd3 Ka3 64. Be4 Kb2 65. Bf5 Kc3 66. Bg6 Bc1 67. Bf5 Kd4 68. Bg6 Ke5 69. Bh7 Bd2 70. Bg6 Kf6 71. Bd3 Ke5 72. Bh7 Kd4 73. Bg6 Kc3 74. Bh7 Be3 75. Bg6 1/2-1/2

[Event "*** Titled Tuesday Blitz"]
[Site "Chess.com"]
[Date "2020.05.05"]
[Round "1"]
[White "Reader777"]
[Black "BabyBoss31"]
[Result "1-0"]
[WhiteElo "2600"]
[BlackElo "2270"]
[TimeControl "180+1"]
[EndTime "10:05:35 PDT"]
[Termination "Reader777 won by resignation"]

1. d4 d5 2. c4 dxc4 3. e3 Nf6 4. Bxc4 e6 5. Nf3 c5 6. O-O a6 7. a4 Nc6 8. Nc3 Ke7 9. Qe2 g6 10. Rd1 Bg7 11. dxc5 Qa5 12. Nd4 Qxc5 13. Nxc6+ Qxc6 14. b3 Bd7 15. Ba3+ Ke8 16. Rd6 Qc7 17. Rad1 Bf8 18. Qf3 Be7 19. Ne4 Nxe4 20. Rxd7 Qxd7 21. Rxd7 Kxd7 22.
Qxf7 Rae8 23. Qxe6+ 1-0

[Event "*** Titled Tuesday Blitz"]
[Site "Chess.com"]
[Date "2020.05.05"]
[Round "1"]
[White "RestartingChess"]
[Black "Klavdia_Nik"]
[Result "1-0"]
[WhiteElo "2478"]
[BlackElo "1955"]
[TimeControl "180+1"]
[EndTime "10:05:38 PDT"]
[Termination "RestartingChess won by resignation"]

1. e4 e5 2. Nf3 Nc6 3. Bc4 Bc5 4. c3 Nf6 5. O-O O-O 6. d4 exd4 7. cxd4 Bb6 8. e5 Ne8 9. Bg5 Ne7 10. Nc3 h6 11.
Bh4 c6 12. Ne4 d5 13. exd6 Nxd6 14. Nf6+ Kh8 15. Bb3 Ng6 16. Nh7 Qc7 17. Nxf8 Nxf8 18. Bg3 Be6 19. Bxe6 Nxe6 20. d5 cxd5 21. Qxd5 Rd8 22.
Rfd1 Bc5 23. Rac1 Qb6 24. Rxc5 1-0

[Event "*** Titled Tuesday Blitz"]
[Site "Chess.com"]
[Date "2020.05.05"]
[Round "1"]
[White "AnishGiri"]
[Black "ChainsOfFantasia"]
[Result "1-0"]
[WhiteElo "3051"]
[BlackElo "2468"]
[TimeControl "180+1"]
[EndTime "10:05:39 PDT"]
[Termination "AnishGiri won by resignation"]

1. e4 e6 2. d4 d5 3. e5 c5 4. c3 Nc6 5. Nf3 Qb6 6. Be2 Bd7 7. O-O Nh6 8. Bxh6 gxh6 9. Qd2 Bg7 10. a3 a5 11. a4 O-O 12. Bb5 c4 13. Na3 Rad8 14.
Nc2 Nb8 15. Bxd7 Nxd7 16. Ne3 f5 17. exf6 Rxf6 18. Qe2 Rdf8 19. Ng4 Rg6 20. h3 Qd6 21.
Rae1 Qf4 22. Nh4 Rg5 23. Qxe6+ Rf7 24. g3 Qd2 25. Nf3 Qxb2 26. Nxg5 hxg5 27. Qxd5 Qxc3 28. Re7 1-0

[Event "*** Titled Tuesday Blitz"]
[Site "Chess.com"]
[Date "2020.05.05"]
[Round "1"]
[White "DanielMieles1985"]
[Black "Chessmatus"]
[Result "0-1"]
[WhiteElo "2657"]
[BlackElo "2356"]
[TimeControl "180+1"]
[EndTime "10:05:39 PDT"]
[Termination "Chessmatus won by resignation"]

1. c4 e5 2. Nc3 Nf6 3. g3 c6 4.
Nf3 e4 5. Nd4 d5 6. cxd5 cxd5 7.
Bg2 Nc6 8. Nxc6 bxc6 9. d3 exd3 10. Qxd3 Be7 11. O-O O-O 12. b3 a5 13. Bb2 Be6 14. Na4 Nd7 15. Rac1 Rc8 16. e4 dxe4 17. Bxe4 Nf6 18.
Qxd8 Rfxd8 19. Rxc6 Nxe4 20. Ra6 Bb4 21. a3 Bd2 22. f3 Nc5 23. Nxc5 Rxc5 24. Rd1 h6 25. b4 axb4 26. axb4 Rc2 27. Be5 Be3+ 0-1

[Event "*** Titled Tuesday Blitz"]
[Site "Chess.com"]
[Date "2020.05.05"]
[Round "1"]
[White "IljaJoke"]
[Black "CzechmVIII"]
[Result "1-0"]
[WhiteElo "2564"]
[BlackElo "2225"]
[TimeControl "180+1"]
[EndTime "10:05:39 PDT"]
[Termination "IljaJoke won by resignation"]

1. d4 Nf6 2. c4 c5 3. d5 e6 4. Nc3 exd5 5. cxd5 d6 6. e4 g6 7. Nge2 h5 8. Ng3 h4 9. Nge2 Bg7 10. Bg5 a6 11. a4 Nbd7 12. Nc1 Qc7 13. Be2 h3 14. g3 Nh7 15. Be3 O-O 16. O-O Nhf6 17. f4 c4 18. Bd4 Nc5 19. e5 Nfe4 20. Nxe4 Nxe4 21. Bf3 Nc5 22. exd6 Qxd6 23. Bxg7 Kxg7 24. Qd4+ Kg8 25. Qxc4 Bf5 26. b4 Nd7 27. Qd4 Nf6 28. Ne2 Rfe8 29.
Nc3 Rac8 30. Rfe1 Ng4 31. Bxg4 Bxg4 32. Ne4 Rxe4 33. Rxe4 Rc2 34. Re8+ 1-0

[Event "*** Titled Tuesday Blitz"]
[Site "Chess.com"]
[Date "2020.05.05"]
[Round "1"]
[White "louis198"]
[Black "MisiekZielony"]
[Result "1-0"]
[WhiteElo "2512"]
[BlackElo "2127"]
[TimeControl "180+1"]
[EndTime "10:05:39 PDT"]
[Termination "louis198 won by resignation"]

1. d4 d5 2. c4 c6 3. Nc3 Nf6 4. Nf3 dxc4 5. e3 b5 6. a4 b4 7. Na2 e6 8. Bxc4 c5 9. O-O Bb7 10.
Bb5+ Nfd7 11. dxc5 Bxc5 12. Bd2 O-O 13. Nxb4 a6 14. Be2 Nf6 15. Bc3 Ne4 16. Nd3 Nxc3 17. bxc3 Bd6 18. Rb1 Qc7 19. h3 Nc6 20. c4 Ne7 21. c5 Bxf3 22. Bxf3 Bh2+ 23. Kh1 Rad8 24. Rb7 1-0

[Event "*** Titled Tuesday Blitz"]
[Site "Chess.com"]
[Date "2020.05.05"]
[Round "1"]
[White "smshk35"]
[Black "bascheyaro"]
[Result "0-1"]
[WhiteElo "2367"]
[BlackElo "2709"]
[TimeControl "180+1"]
[EndTime "10:05:40 PDT"]
[Termination "bascheyaro won by resignation"]

1. e4 e6 2. d4 d5 3. Nc3 Bb4 4. e5 Ne7 5. a3 Bxc3+ 6. bxc3 b6 7. h4 Ba6 8. Bxa6 Nxa6 9. h5 h6 10. a4 c5 11. Ba3 Rc8 12. Ne2 O-O 13. Qd3 Nb8 14. Rh4 cxd4 15. cxd4 Rc4 16. Rg4 Kh8 17.
Bd6 Nbc6 18. c3 Rg8 19. Bxe7 Nxe7 20. Nf4 Qc7 21. Kd2 Rc8 22. Ra3 Nf5 23. Ne2 Qd7 24. Ng3 Ne7 25. Qc2 Nc6 26. Ne2 Nxe5 27. Rf4 Nc6 28. g4 e5 29. dxe5 Rxf4 30. Nxf4 Qxg4 31.
Nxd5 Nxe5 32. c4 0-1

[Event "*** Titled Tuesday Blitz"]
[Site "Chess.com"]
[Date "2020.05.05"]
[Round "1"]
[White "Agent-JL"]
[Black "EfrenRamos1"]
[Result "1/2-1/2"]
[WhiteElo "2536"]
[BlackElo "2211"]
[TimeControl "180+1"]
[EndTime "10:05:40 PDT"]
[Termination "Game drawn by repetition"]

1. d4 Nf6 2. c4 e6 3. Nf3 b6 4.
e3 Bb7 5. Bd3 d5 6. O-O Bd6 7. b3 Nbd7 8. Bb2 a6 9. Nc3 c5 10.
cxd5 exd5 11. Qc2 cxd4 12. Nxd4 O-O 13. Rac1 g6 14. Rfd1 Qe7 15. Qb1 Ne5 16. Bf1 b5 17. Nce2 Neg4 18. Ng3 Bxg3 19. hxg3 Nxf2 20. Kxf2 Ng4+ 21. Ke1 Qxe3+ 22. Ne2 Qf2+ 23. Kd2 Qe3+ 24. Ke1 Qf2+ 25. Kd2 Qe3+ 26. Ke1 1/2-1/2

[Event "*** Titled Tuesday Blitz"]
[Site "Chess.com"]
[Date "2020.05.05"]
[Round "1"]
[White "ElGasanov"]
[Black "Corpescador"]
[Result "1-0"]
[WhiteElo "2738"]
[BlackElo "2388"]
[TimeControl "180+1"]
[EndTime "10:05:41 PDT"]
[Termination "ElGasanov won on time"]

1. d4 Nf6 2. c4 e6 3. Nf3 Bb4+ 4. Nc3 O-O 5. Bg5 c5 6. Rc1 Qa5 7. Bxf6 gxf6 8. a3 Bxc3+ 9. Rxc3 Nc6 10. e3 d6 11. Be2 Rd8 12. O-O Bd7 13. d5 Ne5 14. e4 Ng6 15. dxe6 Bxe6 16. Qd2 Kg7 17. Rd1 Rd7 18. Ne1 Rad8 19. Nc2 f5 20. exf5 Bxf5 21.
Ne3 Be6 22. Bg4 d5 23. cxd5 Bxg4 24. Nxg4 Rxd5 25. Qh6+ 1-0

[Event "*** Titled Tuesday Blitz"]
[Site "Chess.com"]
[Date "2020.05.05"]
[Round "1"]
[White "Kensei26"]
[Black "tsvet2005"]
[Result "0-1"]
[WhiteElo "2164"]
[BlackElo "2527"]
[TimeControl "180+1"]
[EndTime "10:05:41 PDT"]
[Termination "tsvet2005 won by resignation"]

1. e4 c5 2. Nc3 d6 3. Nge2 Nf6 4. g3 g6 5. Bg2 Bg7 6. d4 cxd4 7. Nxd4 O-O 8. O-O Nbd7 9. Nd5 Nc5 10. Re1 a6 11.
a4 Ne6 12. c3 Nxd5 13. exd5 Nxd4 14. cxd4 Qb6 15. Rxe7 Bxd4 16. Be3 Bxe3 17. Rxe3 Qxb2 18. h4 Bf5 19. Rc1 Rac8 20. Re1 Rxc1 21. Qxc1 Qxc1 22.
Rxc1 Rc8 23. Rxc8+ Bxc8 24. a5 Kf8 25. f4 Ke7 26.
Kh2 Kd7 27. Bh3+ Kc7 28. Bxc8 Kxc8 29. Kh3 b6 30. axb6 a5 31. Kg4 a4 32. Kg5 a3 33. Kh6 a2 34. Kxh7 a1=Q 0-1

[Event "*** Titled Tuesday Blitz"]
[Site "Chess.com"]
[Date "2020.05.05"]
[Round "1"]
[White "TudorAnton"]
[Black "CraiggoryC"]
[Result "1-0"]
[WhiteElo "2508"]
[BlackElo "2119"]
[TimeControl "180+1"]
[EndTime "10:05:41 PDT"]
[Termination "TudorAnton won on time"]

1. d4 Nf6 2. c4 c5 3. e3 d5 4. Nc3 cxd4 5. exd4 Nc6 6. Nf3 e6 7. Be3 Be7 8. Rc1 O-O 9. Be2 dxc4 10. Bxc4 a6 11. O-O b5 12. Bb3 Bb7 13. d5 Nxd5 14.
Nxd5 exd5 15. Bxd5 Na5 16. Bxb7 Nxb7 17. Qxd8 Bxd8 18.
Rfd1 Na5 19. b3 Bf6 20. Kf1 Rac8 21. Rxc8 Rxc8 22. Bb6 Nc6 23. g4 h6 24. h4 Bd8 25.
Be3 Nb4 26. Rd2 Ba5 27. a3 Nc2 28. Rd3 Nxe3+ 29. Rxe3 Kf8 30. Ne5 Rc1+ 31. Kg2 Rc3 32. Kf3 Rxe3+ 33. Kxe3 Bc3 34. Nd3 Bf6 35. h5 Ke7 36. Nc5 1-0

[Event "*** Titled Tuesday Blitz"]
[Site "Chess.com"]
[Date "2020.05.05"]
[Round "1"]
[White "SARGISMV"]
[Black "GigaQuparadze"]
[Result "0-1"]
[WhiteElo "2425"]
[BlackElo "2816"]
[TimeControl "180+1"]
[EndTime "10:05:45 PDT"]
[Termination "GigaQuparadze won on time"]

1. d4 Nf6 2. Nf3 e6 3. c4 b6 4. Nc3 Bb7 5. e3 Bb4 6. Bd2 O-O 7. Bd3 Bxc3 8. Bxc3 Ne4 9. Rc1 f5 10. O-O d6 11.
Nd2 Nd7 12. Nxe4 fxe4 13. Bb1 Nf6 14. b4 Qe7 15. a4 a6 16. a5 b5 17. cxb5 axb5 18. Qe2 Rfb8 19. Rc2 Bd5 20. Ba2 Bxa2 21. Rxa2 Nd5 22. Rc1 Qf7 23. Qg4 Qf5 24. Qxf5 exf5 25. Be1 Kf7 26. Kf1 Ke6 27. Ke2 g5 28. f3 g4 29. f4 Rg8 30. Rb2 Rg6 31. Bh4 Rh6 32.
g3 Kd7 33. Kf2 Ra6 34. Rcc2 Re6 35. Rc1 h6 36. Ke2 Re8 37. Kd2 Rea8 38. Ke2 Rc6 39. Rxc6 Kxc6 40. Kd2 Ra6 41. Bd8 Kd7 42. Bh4 Rc6 43. Rb1 Kc8 44. Rb3 Kb7 45. Bd8 Rc4 46. Rb1 Nxb4 47. a6+ Kxa6 0-1

[Event "*** Titled Tuesday Blitz"]
[Site "Chess.com"]
[Date "2020.05.05"]
[Round "1"]
[White "Nostradamus123"]
[Black "leopato"]
[Result "1-0"]
[WhiteElo "2497"]
[BlackElo "2066"]
[TimeControl "180+1"]
[EndTime "10:05:45 PDT"]
[Termination "Nostradamus123 won on time"]

1. d4 Nf6 2. c4 g6 3. Nc3 Bg7 4. e4 d6 5. Be2 O-O 6. Nf3 e5 7.
O-O Nc6 8. d5 Ne7 9. b4 Nh5 10.
Re1 Nf4 11. Bf1 f5 12. Bxf4 exf4 13. e5 dxe5 14. Nxe5 g5 15. c5 Ng6 16. Nxg6 hxg6 17. Qb3 Qf6 18. Nb5 Qxa1 19. Rxa1 Bxa1 20. d6+ Kg7 21.
Nxc7 Rb8 22. Bb5 a6 23. Ne8+ Kh7 24. Qh3+ Kg8 25. Bc4+ Rf7 26. Qh6 1-0

[Event "*** Titled Tuesday Blitz"]
[Site "Chess.com"]
[Date "2020.05.05"]
[Round "1"]
[White "Phenix2k"]
[Black "MishkaFighter"]
[Result "1-0"]
[WhiteElo "2289"]
[BlackElo "2585"]
[TimeControl "180+1"]
[EndTime "10:05:46 PDT"]
[Termination "Phenix2k won by checkmate"]

1. d4 d6 2. Nf3 Bg4 3. c4 Nf6 4. g3 Bxf3 5. exf3 g6 6. Bg2 Bg7 7. O-O O-O 8. Nc3 c6 9. d5 cxd5 10. cxd5 Na6 11. Be3 Qa5 12. f4 Rfc8 13. Bd4 b5 14. a3 Nd7 15. Bxg7 Kxg7 16. b4 Qb6 17. Rc1 Rc4 18. Re1 Rac8 19. Rxe7 Rxc3 20. Rxc3 Rxc3 21.
Rxd7 Rxa3 22. f5 Ra2 23. f6+ Kh6 24. Qf3 Qd4 25. h4 Nxb4 26. g4 g5 27. hxg5+ Kxg5 28. Qf5+ Kh4 29. Qh5# 1-0

[Event "*** Titled Tuesday Blitz"]
[Site "Chess.com"]
[Date "2020.05.05"]
[Round "1"]
[White "giantslayer83"]
[Black "AlexZambrano"]
[Result "1-0"]
[WhiteElo "2686"]
[BlackElo "2350"]
[TimeControl "180+1"]
[EndTime "10:05:47 PDT"]
[Termination "giantslayer83 won by checkmate"]

1. d4 Nf6 2. Bg5 d5 3. e3 g6 4.
Bxf6 exf6 5. g3 Bd6 6. c4 dxc4 7. Bxc4 c6 8. Nc3 O-O 9. h4 Be6 10. Bxe6 fxe6 11. h5 Qe7 12. hxg6 hxg6 13. Nf3 Kg7 14.
Qc2 Nd7 15. O-O-O Rh8 16. Ne4 Nb6 17. Kb1 Rxh1 18. Rxh1 e5 19. Nxd6 Qxd6 20. dxe5 fxe5 21. Ng5 Nd5 22. Rh7+ Kg8 23. Rxb7 Rf8 24. a3 Nb6 25. Qb3+ Kh8 26. Rh7# 1-0

[Event "*** Titled Tuesday Blitz"]
[Site "Chess.com"]
[Date "2020.05.05"]
[Round "1"]
[White "putra48"]
[Black "ChronicUnhappiness"]
[Result "1-0"]
[WhiteElo "2624"]
[BlackElo "2304"]
[TimeControl "180+1"]
[EndTime "10:05:47 PDT"]
[Termination "putra48 won by resignation"]

1. e4 d6 2. d4 Nf6 3. Nc3 g6 4. Nf3 Bg7 5. h3 O-O 6. Be3 Nc6 7. Be2 e5 8. dxe5 Nxe5 9. O-O Nxf3+ 10. Bxf3 Re8 11.
Qd2 Bd7 12. Rfe1 Bc6 13. Bd4 Nd7 14. Bxg7 Kxg7 15. g3 Qf6 16. Bg2 Nc5 17. b4 Na4 18. Nxa4 Bxa4 19. c4 Bd7 20. Rad1 a6 21. c5 Ba4 22.
Rc1 dxc5 23. Rxc5 Bc6 24. e5 Qe6 25. Bxc6 bxc6 26. Qc3 Kg8 27. Rxc6 Qxh3 28. Rxc7 Re6 29. Rxf7 Kxf7 30. Qf3+ Qf5 31. Qxa8 Rxe5 32. Qa7+ Kg8 33. Qb8+ 1-0

[Event "*** Titled Tuesday Blitz"]
[Site "Chess.com"]
[Date "2020.05.05"]
[Round "1"]
[White "Jospem"]
[Black "Artem_Koval"]
[Result "1-0"]
[WhiteElo "2844"]
[BlackElo "2429"]
[TimeControl "180+1"]
[EndTime "10:05:48 PDT"]
[Termination "Jospem won by resignation"]

1. c4 e5 2. Nc3 Nc6 3. g3 d6 4.
Bg2 f5 5. e3 Nf6 6. Nge2 g6 7.
O-O Bg7 8. d3 O-O 9. b3 Be6 10.
Nd5 Qd7 11. Bb2 Rab8 12. Qd2 Ne7 13. Nxf6+ Bxf6 14. f4 c6 15. e4 Rf7 16. Rad1 Rbf8 17. d4 fxe4 18. dxe5 Bg7 19. Qxd6 Qxd6 20. Rxd6 Bg4 21.
Nc3 Nf5 22. Nxe4 Nxd6 23. Nxd6 Rd7 24. c5 Rfd8 25. h3 Be6 26. Rf2 Rxd6 27. cxd6 Rd7 28. g4 Rf7 29. Be4 Bh6 30. Bc1 Kf8 31. Be3 a6 32. Kg2 Ke8 33. Kg3 Kd7 34. Rf3 Bd5 35. Bxd5 cxd5 36. f5 Bxe3 37. e6+ Kxd6 38. exf7 Bh6 39. g5 Bf8 40. fxg6 hxg6 41. Rf6+ 1-0

[Event "*** Titled Tuesday Blitz"]
[Site "Chess.com"]
[Date "2020.05.05"]
[Round "1"]
[White "bazar-wokzal"]
[Black "suneebaker"]
[Result "1-0"]
[WhiteElo "2531"]
[BlackElo "2181"]
[TimeControl "180+1"]
[EndTime "10:05:48 PDT"]
[Termination "bazar-wokzal won by resignation"]

1. e4 e6 2. d4 d5 3. exd5 exd5 4. Nf3 Bd6 5. c4 c6 6. Bd3 Ne7 7. O-O O-O 8. Nc3 Bf5 9. Bg5 Bxd3 10. Qxd3 dxc4 11.
Qxc4 Nd7 12. Rfe1 Nb6 13. Qb3 Re8 14. Ne5 Bxe5 15. dxe5 Nbd5 16. Qxb7 Rb8 17. Qxa7 Rxb2 18. Nxd5 cxd5 19. a4 h6 20. Qd4 Qb8 21. Bxe7 Rxe7 22. Qxd5 Reb7 23. a5 Qa7 24. Qd8+ Kh7 25. Qd3+ Kg8 26.
Qe3 Qa6 27. e6 Qxe6 28. Qxe6 fxe6 29. Rxe6 Ra7 30. g3 Kh7 31. a6 Rc2 32. h4 Rb2 33. Kg2 Rc2 34. g4 Rf7 35. Rf1 Ra2 36.
g5 hxg5 37. hxg5 Rf4 38. Kg3 Rfa4 39. g6+ Kh6 40. f4 R4a3+ 41. Kg4 Rg2+ 42. Kf5 Ra5+ 43. Re5 Rxe5+ 44. fxe5 Rg5+ 45. Ke4 Rxg6 46. Rh1+ Kg5 47. Rg1+ Kh6 48. Rxg6+ 1-0

[Event "*** Titled Tuesday Blitz"]
[Site "Chess.com"]
[Date "2020.05.05"]
[Round "1"]
[White "Quiet_Desperation"]
[Black "tvjosue"]
[Result "0-1"]
[WhiteElo "2212"]
[BlackElo "2555"]
[TimeControl "180+1"]
[EndTime "10:05:49 PDT"]
[Termination "tvjosue won by checkmate"]

1. e4 c5 2. Nf3 Nc6 3. d4 cxd4 4. Nxd4 Qb6 5. Nb3 Nf6 6. Nc3 e6 7. Be3 Qc7 8. Bd3 a6 9. O-O b5 10. a3 Bb7 11. f4 d6 12. Kh1 Be7 13. Qe2 h5 14. f5 Ng4 15. fxe6 fxe6 16. Bg1 Bf6 17. e5 Ncxe5 18. Ne4 O-O 19. Nd4 Rae8 20. h3 Nxd3 21. cxd3 Bxd4 22. hxg4 Bxg1 23. Rxg1 Qe7 24. g5 d5 25. Qxh5 Rf5 26. g4 Re5 27. d4 Rxe4 28.
g6 Qf6 29. Raf1 Rf4 30. g5 Qf5 31. Qh7+ Kf8 32. Qh8+ Ke7 33. Qxg7+ Kd6 34. Rxf4 Qxf4 35. Qxb7 Rh8+ 36. Kg2 Rh2# 0-1

[Event "*** Titled Tuesday Blitz"]
[Site "Chess.com"]
[Date "2020.05.05"]
[Round "1"]
[White "StockholmMissile"]
[Black "IMTominho"]
[Result "0-1"]
[WhiteElo "2404"]
[BlackElo "2782"]
[TimeControl "180+1"]
[EndTime "10:05:50 PDT"]
[Termination "IMTominho won by resignation"]

1. d4 d5 2. c4 c6 3. Nf3 Nf6 4.
Nc3 dxc4 5. e4 b5 6. Be2 b4 7. Na4 Nxe4 8. Bxc4 e6 9. O-O Be7 10. Qe2 Nf6 11. Bg5 Nd5 12. Bxe7 Qxe7 13. Rac1 O-O 14. Ne5 Nb6 15. Bb3 Ba6 16. Nd3 Rd8 17.
Qe3 Qf6 18. Nac5 Qxd4 19. Qxd4 Rxd4 20. Rfd1 Bxd3 21. Rxd3 Rxd3 22. Nxd3 a5 23. Ne5 Ra7 24. Rd1 Nd5 25. Bxd5 exd5 26. Nd3 Re7 27. Kf1 Nd7 28. Rc1 Re6 29. Nc5 Nxc5 30. Rxc5 Kf8 31. Rxa5 Re4 32. b3 Ke7 33. Ra7+ Kd6 34. Rxf7 Re7 35. Rf8 Ra7 36.
Rd8+ Kc5 37. Rd7 Rxd7 0-1

[Event "*** Titled Tuesday Blitz"]
[Site "Chess.com"]
[Date "2020.05.05"]
[Round "1"]
[White "ama18"]
[Black "Sesleria"]
[Result "1-0"]
[WhiteElo "2494"]
[BlackElo "2061"]
[TimeControl "180+1"]
[EndTime "10:05:50 PDT"]
[Termination "ama18 won by resignation"]

1. e4 c5 2. Nf3 e6 3. d4 cxd4 4. Nxd4 Nc6 5. Nc3 Qc7 6. g3 a6 7. Bg2 Nf6 8. O-O Nxd4 9. Qxd4 Bc5 10. Bf4 d6 11. Qd2 Nd7 12. a3 Ne5 13. Na4 O-O 14. Nxc5 Qxc5 15. Rad1 Nc4 16. Qc3 e5 17. Bc1 Be6 18. b3 Nb6 19. Qxc5 dxc5 20. Be3 Nd7 21.
Rd6 Rfc8 22. Rfd1 Nf6 23. Rb6 Rc7 24. h3 c4 25. b4 a5 26. b5 Kf8 27. f4 exf4 28.
gxf4 Nd7 29. Rbd6 f6 30. b6 1-0